Map: [ESL] Goldenaura

Players

ForJumY - Winner!

  • Race: Protoss Protoss
  • League: Grandmaster
  • Spawn Location: 12:00

Stephano

  • Race: Zerg Zerg
  • Spawn Location: 5:00

Event: HomeStory Cup XXIV

VOD

Have the link to the VOD?

Description

Time

  • Played on: Dec. 2, 2023, 9:38 a.m.
  • Length: 22:49

All games in this series

Show
View Real Time Build Order
Export as new Build Order

ForJumY Protoss - Winner!

Build Orders: 1 Gate Expand, Oracle Opening, Carriers, Zealot Archon 

Get SALT Encoding   

  12  0:00  Probe  
  13  0:12  Probe  
  14  0:18  Pylon  
  14  0:24  Probe  
  15  0:36  Probe (Chrono Boost)  
  15  0:40  Gateway  
  16  0:46  Probe (Chrono Boost)  
  16  0:49  Assimilator  
  17  0:52  Probe  
  18  1:04  Probe  
  19  1:16  Probe  
  20  1:27  Nexus  
  20  1:38  Cybernetics Core  
  20  1:41  Probe  
  21  1:47  Assimilator  
  21  1:54  Probe  
  21  1:56  Pylon  
  22  2:06  Probe  
  23  2:11  Adept (Chrono Boost)  
  25  2:18  Probe  
  25  2:21  Stargate  
  26  2:28  Warp Gate  
  26  2:31  Probe (Chrono Boost)  
  26  2:32  Adept (Chrono Boost)  
  29  2:39  Probe (Chrono Boost)  
  31  2:48  Probe (Chrono Boost)  
  31  2:49  Probe (Chrono Boost)  
  32  2:54  Adept  
  32  2:55  Probe x2 (Chrono Boost)  
  36  3:04  Oracle (Chrono Boost)  
  36  3:07  Probe x2  
  41  3:14  Gateway  
  41  3:22  Probe  
  41  3:23  Probe, Pylon  
  43  3:34  Probe  
  44  3:39  Oracle (Chrono Boost)  
  43  3:46  Probe  
  46  3:49  Nexus  
  46  3:53  Pylon  
  46  3:56  Probe  
  46  3:58  Probe  
  48  4:08  Probe  
  48  4:09  Oracle  
  52  4:14  Shield Battery  
  52  4:17  Stalker  
  52  4:18  Adept  
  52  4:20  Probe  
  52  4:23  Probe  
  58  4:25  Pylon  
  58  4:32  Probe  
  58  4:35  Assimilator  
  58  4:36  Assimilator, Probe  
  60  4:41  Adept  
  60  4:44  Probe  
  63  4:46  Twilight Council  
  63  4:48  Forge, Probe  
  64  4:56  Probe (Chrono Boost)  
  65  5:00  Probe (Chrono Boost)  
  65  5:02  Probe (Chrono Boost)  
  68  5:08  Probe (Chrono Boost)  
  68  5:11  Probe (Chrono Boost)  
  68  5:12  Probe (Chrono Boost)  
  70  5:14  Probe (Chrono Boost)  
  70  5:16  Probe (Chrono Boost)  
  70  5:17  Pylon, Probe (Chrono Boost)  
  70  5:19  Protoss Ground Weapons Level 1 (Chrono Boost)  
  73  5:22  Probe  
  73  5:24  Gateway  
  73  5:25  Gateway  
  73  5:26  Probe  
  75  5:28  Probe  
  75  5:29  Charge  
  75  5:35  Templar Archives  
  76  5:37  Gateway  
  76  5:44  Gateway  
  76  5:46  Gateway  
  76  5:48  Probe  
  76  5:49  Probe  
  78  5:51  Robotics Facility  
  78  5:52  Probe, Pylon  
  71  6:00  Probe  
  69  6:12  High Templar x2, Probe x2  
  69  6:14  Assimilator  
  69  6:15  Assimilator, Probe  
  76  6:20  Photon Cannon  
  76  6:24  Probe  
  77  6:25  Archon  
  77  6:26  Zealot x2  
  77  6:31  Pylon  
  81  6:34  Gateway, Zealot  
  81  6:35  Warp Prism (Chrono Boost), Probe x2  
  87  6:41  High Templar  
  87  6:42  High Templar  
  87  6:43  Pylon  
  87  6:45  Zealot x2  
  95  6:47  Probe  
  95  6:49  Zealot x2, Pylon  
  95  6:52  Probe  
  95  6:53  Probe  
  102  6:57  Photon Cannon  
  102  6:59  Shield Battery  
  102  7:01  Immortal (Chrono Boost), Pylon  
  102  7:04  High Templar  
  102  7:07  High Templar  
  110  7:11  Protoss Ground Weapons Level 2 (Chrono Boost)  
  110  7:19  Protoss Air Weapons Level 1 (Chrono Boost)  
  110  7:26  Zealot x5  
  120  7:32  Pylon  
  120  7:33  Immortal  
  122  7:41  Nexus  
  122  7:45  High Templar  
  122  7:46  High Templar  
  126  7:52  Zealot x2  
  126  7:55  Archon  
  126  7:57  Shield Battery  
  126  7:58  Zealot x4  
  138  8:02  Fleet Beacon  
  138  8:07  Probe  
  138  8:11  Probe  
  140  8:14  Photon Cannon  
  140  8:15  Zealot  
  140  8:16  Pylon  
  140  8:20  Pylon  
  140  8:21  Stargate, Pylon  
  140  8:30  Pylon  
  140  8:34  Immortal (Chrono Boost)  
  140  8:36  High Templar x2  
  140  8:40  Archon  
  141  8:56  Carrier (Chrono Boost)  
  141  8:57  Assimilator  
  141  9:00  Assimilator  
  135  9:02  Shield Battery  
  135  9:05  Photon Cannon  
  135  9:07  Observer (Chrono Boost), Photon Cannon, Stargate  
  136  9:13  Psionic Storm  
  136  9:14  Probe  
  136  9:15  Carrier (Chrono Boost)  
  136  9:16  Zealot x4  
  151  9:23  Zealot  
  149  9:24  Warp Prism (Chrono Boost)  
  149  9:28  Protoss Shields Level 1  
  146  9:40  Zealot  
  146  9:43  Probe  
  141  9:46  Photon Cannon  
  141  9:48  Probe  
  140  9:53  Zealot x6  
  140  9:56  Protoss Air Weapons Level 2 (Chrono Boost)  
  148  10:08  High Templar x2  
  148  10:10  Carrier (Chrono Boost)  
  148  10:12  Archon  
  162  10:32  Carrier (Chrono Boost)  
  162  10:33  Zealot x4  
  168  10:35  Carrier (Chrono Boost)  
  168  10:37  Blink (Chrono Boost)  
  168  10:39  Gateway  
  166  10:44  Zealot x3, Gateway  
  166  10:49  High Templar  
  175  10:50  Probe x3  
  175  10:54  High Templar  
  175  10:56  Warp Prism (Chrono Boost)  
  171  10:58  Archon  
  171  10:59  Zealot  
  171  11:01  High Templar  
  171  11:02  High Templar  
  173  11:06  Pylon  
  173  11:14  Nexus  
  173  11:17  Pylon  
  171  11:19  High Templar  
  171  11:20  High Templar  
  171  11:22  Probe  
  174  11:26  Archon  
  174  11:27  Observer (Chrono Boost)  
  175  11:39  Zealot x2  
  169  11:40  Zealot x6  
  169  11:49  Probe x2  
  169  11:51  Immortal (Chrono Boost)  
  164  11:54  High Templar  
  164  11:55  High Templar  
  164  11:57  Probe  
  164  11:59  Archon  
  164  12:00  High Templar x2  
  164  12:01  Stalker x4  
  181  12:06  Archon  
  181  12:18  Protoss Ground Weapons Level 3  
  181  12:22  Zealot x2  
  163  12:36  Photon Cannon, Zealot x5, Assimilator x2  
  155  12:41  Shield Battery  
  141  12:44  High Templar x3  
  141  12:45  High Templar  
  141  12:49  Archon x2  
  149  12:52  Carrier (Chrono Boost)  
  149  12:57  Zealot x5  
  151  13:04  High Templar  
  157  13:17  Zealot x6  
  167  13:20  High Templar x2  
  167  13:22  Carrier (Chrono Boost)  
  167  13:26  Carrier (Chrono Boost)  
  154  13:35  Zealot x2  
  154  13:41  Zealot x5  
  152  13:43  High Templar  
  162  13:54  High Templar x2  
  158  13:57  Zealot  
  158  13:59  Archon  
  158  14:00  Zealot  
  158  14:02  Zealot x5  
  170  14:17  Carrier (Chrono Boost)  
  170  14:18  High Templar x2  
  170  14:22  Photon Cannon, Archon  
  168  14:25  Photon Cannon  
  168  14:26  Warp Prism  
  162  14:40  Zealot x4  
  162  14:42  Carrier (Chrono Boost)  
  170  14:45  High Templar  
  170  14:46  High Templar  
  170  14:49  Archon  
  170  14:50  Zealot x4  
  182  14:58  Cybernetics Core  
  170  15:05  Zealot x4  
  172  15:09  Probe  
  172  15:12  Zealot x4  
  177  15:17  Carrier (Chrono Boost)  
  180  15:32  High Templar  
  180  15:33  High Templar x5  
  192  15:37  Carrier (Chrono Boost), Archon x2  
  192  15:38  Archon  
  192  15:42  Pylon  
  190  15:53  Pylon  
  190  15:56  Observer  
  187  16:10  Protoss Air Weapons Level 3 (Chrono Boost), Zealot x6  
  176  16:23  Zealot x4  
  179  16:46  Nexus  
  171  16:49  Zealot x3  
  173  16:59  Pylon  
  169  17:01  High Templar x5  
  169  17:06  Archon x2  
  169  17:07  High Templar x2  
  175  17:17  Archon  
  175  17:18  High Templar x2  
  171  17:24  Archon  
  171  17:28  Zealot  
  167  17:32  Carrier (Chrono Boost)  
  169  17:44  Zealot x7  
  173  18:09  Carrier (Chrono Boost), Assimilator  
  173  18:10  Assimilator  
  163  18:16  Pylon  
  147  18:20  Zealot x2  
  145  18:28  Zealot x4  
  139  18:40  High Templar x5  
  141  18:45  Archon x2  
  130  18:51  Zealot x3  
  130  18:52  Zealot  
  118  19:11  Carrier (Chrono Boost)  
  124  19:22  High Templar x3  
  124  19:23  Probe (Chrono Boost)  
  131  19:25  Protoss Air Armor Level 1 (Chrono Boost)  
  131  19:29  Zealot, Shield Battery  
  125  19:38  Carrier (Chrono Boost)  
  125  19:40  Zealot  
  133  19:48  Zealot  
  139  19:54  Carrier (Chrono Boost)  
  139  20:04  Zealot x4  
  145  20:08  Zealot x2  
  143  20:27  Zealot x3  
  149  20:32  Protoss Shields Level 2 (Chrono Boost)  
  147  20:36  Stalker  
  149  20:44  Carrier (Chrono Boost)  
  141  21:07  Zealot x3  
  144  21:21  Carrier (Chrono Boost)  
  144  21:24  Probe x2  
  144  21:25  Probe  
  141  21:31  Stalker  
  143  21:42  Carrier (Chrono Boost)  
  149  21:52  Zealot  
  147  21:54  High Templar x2  
  147  21:58  Archon  
  145  22:15  Zealot x2  
  155  22:25  Nexus  
  155  22:31  High Templar  
  155  22:32  High Templar  
  155  22:33  Probe  
  160  22:37  Pylon  
  160  22:44  Zealot  
Show
View Real Time Build Order
Export as new Build Order

Stephano Zerg 

Build Orders: Hatch First, Lurkers, Roach Hydra 

Get SALT Encoding   

  12  0:00  Drone  
  13  0:08  Drone  
  14  0:32  Hatchery  
  13  0:35  Drone  
  14  0:44  Overlord  
  14  0:49  Extractor, Drone  
  15  1:03  Drone x2  
  17  1:13  Spawning Pool  
  17  1:16  Extractor  
  17  1:18  Drone  
  16  1:22  Drone  
  17  1:29  Drone  
  18  1:40  Drone  
  18  1:45  Drone  
  20  1:52  Drone  
  21  1:59  Queen x2  
  25  2:01  Zergling x2  
  25  2:05  Overlord  
  26  2:09  Drone  
  26  2:12  Drone  
  28  2:29  Hatchery  
  27  2:31  Drone  
  27  2:34  Drone  
  29  2:40  Queen  
  31  2:45  Metabolic Boost  
  31  2:49  Drone  
  32  2:52  Drone  
  32  2:55  Overlord  
  33  2:58  Zergling x2  
  33  3:02  Drone x2  
  36  3:14  Zergling x4  
  36  3:17  Drone x2  
  36  3:18  Queen  
  42  3:22  Drone x2  
  43  3:40  Drone x5  
  48  3:42  Spore Crawler  
  48  3:47  Overlord  
  47  3:49  Drone  
  47  3:51  Drone  
  47  3:53  Overlord  
  49  4:05  Drone, Spore Crawler  
  49  4:10  Drone x7  
  49  4:16  Overlord  
  56  4:17  Drone x2  
  56  4:18  Drone  
  56  4:21  Queen  
  56  4:23  Overlord  
  61  4:26  Zergling x6  
  61  4:30  Drone, Overlord  
  65  4:35  Evolution Chamber  
  65  4:38  Roach Warren, Overlord  
  63  4:41  Spore Crawler  
  62  4:45  Drone  
  62  4:46  Drone x2  
  62  4:47  Overlord  
  65  4:55  Zergling x6  
  65  4:57  Extractor  
  65  4:58  Drone x4  
  65  4:59  Extractor  
  70  5:03  Zergling x4  
  72  5:10  Zerg Missile Weapons Level 1  
  72  5:11  Lair  
  72  5:25  Drone x7  
  79  5:29  Overlord x2  
  79  5:49  Roach x4  
  87  5:50  Roach  
  87  5:51  Drone  
  87  5:55  Drone x2  
  87  5:56  Drone x2  
  91  5:58  Extractor  
  91  5:59  Extractor  
  87  6:11  Drone x11  
  95  6:16  Hatchery  
  95  6:18  Overlord  
  94  6:20  Overseer  
  94  6:22  Overseer  
  94  6:23  Overlord  
  94  6:24  Drone  
  94  6:25  Drone x2  
  97  6:29  Glial Reconstitution  
  97  6:33  Evolution Chamber  
  97  6:38  Roach x9  
  112  6:44  Overseer  
  112  6:50  Overlord x3  
  112  7:02  Hydralisk Den  
  112  7:04  Zerg Ground Armor Level 1  
  111  7:09  Drone x14  
  111  7:14  Infestation Pit  
  124  7:17  Extractor  
  124  7:19  Drone x3  
  124  7:22  Spore Crawler  
  125  7:23  Zerg Missile Weapons Level 2  
  125  7:36  Extractor, Muscular Augments  
  122  7:37  Extractor  
  122  7:38  Hydralisk x5  
  122  7:40  Overlord  
  122  7:41  Overlord  
  130  7:52  Hydralisk x3  
  135  8:03  Hydralisk x4  
  143  8:14  Zergling x2  
  143  8:20  Hive  
  143  8:21  Lurker Den  
  143  8:26  Overlord x2  
  142  8:32  Hydralisk x6  
  154  8:40  Grooved Spines  
  153  8:45  Hatchery  
  150  9:00  Drone x4  
  150  9:02  Spine Crawler  
  153  9:03  Spine Crawler  
  153  9:04  Spine Crawler  
  153  9:06  Overseer  
  153  9:07  Overlord  
  153  9:08  Overlord  
  153  9:09  Hydralisk x15  
  181  9:22  Drone x2  
  183  9:28  Lurker x4  
  187  9:33  Hatchery  
  187  9:37  Drone x5  
  191  9:40  Zerg Ground Armor Level 2  
  190  9:45  Zerg Missile Weapons Level 3  
  190  9:50  Drone x6  
  190  9:51  Drone  
  197  9:53  Seismic Spines  
  197  9:56  Extractor  
  197  9:58  Extractor  
  189  10:20  Lurker x5  
  188  10:24  Zergling x22  
  189  10:45  Hydralisk x5  
  199  10:51  Adaptive Talons  
  199  10:55  Roach Warren  
  197  11:09  Spire  
  196  11:17  Overseer  
  196  11:27  Hydralisk  
  175  11:47  Hydralisk x29  
  152  11:53  Hydralisk  
  152  11:54  Hydralisk x6  
  168  11:56  Zergling x4  
  168  11:57  Zergling x24  
  195  12:04  Zerg Ground Armor Level 3  
  195  12:09  Overlord x2  
  193  12:19  Hydralisk x2  
  192  12:28  Extractor x2  
  192  12:29  Hydralisk x12  
  169  12:30  Hydralisk  
  169  12:36  Hydralisk x3  
  171  12:41  Hydralisk x2  
  171  12:44  Zergling x16  
  174  12:48  Zergling x2  
  174  12:49  Zergling x2  
  175  13:05  Hydralisk x11  
  188  13:21  Hydralisk x8  
  188  13:24  Zergling x4  
  183  13:38  Hydralisk  
  183  13:39  Hydralisk x8  
  183  13:41  Zergling x8  
  187  14:05  Hydralisk x6  
  197  14:21  Zergling x2  
  197  14:22  Zergling x2  
  199  14:28  Overlord  
  199  14:30  Lurker  
  199  14:39  Lurker  
  199  14:44  Overseer  
  199  14:45  Pneumatized Carapace, Overseer  
  195  15:02  Hydralisk x5  
  190  15:22  Overseer x2  
  190  15:25  Drone x3  
  190  15:26  Drone x5  
  190  15:27  Drone x3  
  194  15:31  Zerg Melee Weapons Level 1  
  194  15:41  Lurker, Overlord  
  194  15:42  Lurker x4  
  195  15:57  Hatchery  
  194  16:17  Hydralisk x15  
  194  16:18  Hydralisk  
  199  16:20  Overseer  
  195  16:29  Hydralisk x2  
  199  16:43  Hydralisk x4  
  193  16:47  Hydralisk x3  
  193  16:50  Overlord x2  
  193  16:54  Hydralisk x11  
  179  17:01  Hydralisk x6  
  178  17:16  Overseer  
  178  17:21  Lurker  
  178  17:22  Lurker x7  
  186  17:23  Hydralisk x8  
  200  17:31  Overseer  
  196  17:50  Hydralisk  
  196  17:51  Hydralisk x5  
  191  17:59  Spine Crawler  
  191  18:04  Hatchery  
  185  18:12  Hydralisk x16  
  190  18:32  Hydralisk x7  
  181  18:38  Hydralisk x3  
  147  18:45  Hydralisk x3  
  147  18:46  Hydralisk x2  
  155  18:58  Hydralisk x5  
  161  19:09  Hydralisk x5  
  127  19:18  Hydralisk x4  
  127  19:19  Hydralisk  
  137  19:24  Lurker  
  137  19:30  Hydralisk x2  
  139  19:36  Extractor  
  139  19:37  Zergling x18  
  147  19:50  Lurker x2  
  149  19:54  Spine Crawler  
  149  19:55  Spine Crawler  
  149  19:56  Hydralisk x2, Spine Crawler x2  
  149  20:04  Lurker x2  
  148  20:11  Hydralisk x4  
  153  20:19  Hydralisk x2  
  151  20:35  Hydralisk x5  
  151  20:56  Hydralisk x4  
  124  21:04  Queen x2  
  132  21:13  Lurker  
  132  21:15  Hydralisk  
  135  21:25  Hydralisk  
  135  21:30  Hatchery  
  133  21:36  Hydralisk x2  
  128  21:50  Hydralisk x4  
  121  22:15  Hydralisk x5  
  111  22:20  Lurker, Hydralisk  
  117  22:40  Lurker  
Tags
 
Add a new tag
Caveats
  • Supply blocks, unpowered buildings, or Contaminate may cause inaccurate times.
  • Supply counts are checked every 10 seconds.